 Dungeon Crawl Stone Soup version 0.20.1-1-g8b1a95d (webtiles) character file.

44165 Gremour the Carver (level 14, -16/94 HPs)
             Began as a Gargoyle Monk on Dec 30, 2017.
             Was a High Priest of the Shining One.
             Shot with a bolt by a yaktaur captain (38 damage)
             ... on level 15 of the Dungeon on Dec 31, 2017.
             The game lasted 01:38:58 (17670 turns).

Gremour the Carver (Gargoyle Monk)                 Turns: 17670, Time: 01:38:59

Health: -16/94     AC: 33    Str: 20 (21) XL:     14   Next: 27%
Magic:  17/20      EV: 15    Int: 15 (17) God:    the Shining One [*****.]
Gold:   872        SH:  0    Dex: 19 (20) Spells: 11/13 levels left

rFire    + + .     SeeInvis .   n - +8 great sword "Newt's Undoing" {slice, +Inv Int+3 Dex+3}
rCold    . . .     Gourm    +   (shield currently unavailable)
rNeg     + + +     Faith    .   S - +3 ring mail {rF+}
rPois    ∞         Spirit   .   k - +2 hat
rElec    +         Reflect  .   q - +1 cloak
rCorr    .         Harm     .   O - +2 pair of gloves
MR       +....     Rnd*Tele +   T - +0 pair of boots
Stlth    ..........             P - amulet of the gourmand
Regen    0.3/turn               f - ring of Gosh {Str+6 Dex+3}
MPRegen  0.2/turn               g - +2 ring of evasion

@: confused, divine shield, slowed, glowing, very slow
A: big wings, talons 1, icy blue scales 1, iridescent scales 1, clever 1, clumsy
1, deterioration 1, fire resistance 1, negative energy resistance 1, electricity
resistance, teleportitis 1, unbreathing, petrification resistance, rot immunity,
sturdy frame 1, AC +9
a: Fly, Divine Shield, Cleansing Flame, Summon Divine Warrior, Renounce
Religion, Evoke Invisibility


You were on level 15 of the Dungeon.
You worshipped the Shining One.
The Shining One was extremely pleased with you.
You were not hungry.

You visited 2 branches of the dungeon, and saw 16 of its levels.
You also visited: Ossuary and Ice Cave.

You collected 1262 gold pieces.
You spent 390 gold pieces at shops.

Inventory:

Hand Weapons
 a - a +4 long sword of slicing
 b - a +0 falchion of flaming
 d - a +7 long sword
 n - the +8 great sword "Newt's Undoing" (weapon) {slice, +Inv Int+3 Dex+3}
   (You found it on level 14 of the Dungeon)

   It inflicts extra damage upon your enemies.
   It affects your intelligence (+3).
   It affects your dexterity (+3).
   It lets you turn invisible.
 L - the +9 dagger "Jellyslayer" {speed, rC+ MR+ Int+2}
   (You found it on level 12 of the Dungeon)

   Attacks with this weapon are significantly faster.
   It affects your intelligence (+2).
   It protects you from cold.
   It affects your resistance to hostile enchantments.
Missiles
 B - 4 tomahawks of dispersal (quivered)
Armour
 c - a +0 shield
 k - a +2 hat (worn)
 q - a +1 cloak (worn)
 O - a +2 pair of gloves (worn)
 S - a +3 ring mail of fire resistance (worn)
 T - a +0 pair of boots (worn)
Jewellery
 f - the ring of Gosh (left hand) {Str+6 Dex+3}
   (You took it off an orc wizard on level 11 of the Dungeon)

   [ring of strength]

   It affects your strength (+6).
   It affects your dexterity (+3).
 g - a +2 ring of evasion (right hand)
 p - a +3 amulet of reflection
 s - an uncursed ring of protection from fire
 A - an uncursed ring of protection from magic
 P - an amulet of the gourmand (around neck)
 R - an uncursed ring of protection from cold
Wands
 h - a wand of paralysis (10/24)
 I - a wand of iceblast (4/15)
 K - a wand of iceblast (6/15)
Scrolls
 i - 8 scrolls of identify
 m - 5 scrolls of teleportation
 v - 3 scrolls of immolation
 x - 7 scrolls of remove curse
 F - 4 scrolls of blinking
 H - 4 scrolls of magic mapping
 N - 2 scrolls of recharging
Potions
 e - 7 potions of curing
 l - 4 potions of heal wounds
 o - 3 potions of lignification
 u - 3 potions of agility {unknown}
 y - a potion of cancellation {unknown}
 z - 3 potions of magic
 C - a potion of resistance {unknown}
 D - 2 potions of mutation
 E - a potion of brilliance
Books
 J - a book of Battle

   Spells                             Type                      Level
   a - Infusion                       Charms                       1
   b - Shroud of Golubria             Charms/Translocation         2
   c - Song of Slaying                Charms                       2
   d - Spectral Weapon                Hexes/Charms                 3
   e - Regeneration                   Charms/Necromancy            3
Miscellaneous
 U - a lightning rod (3/4)
Comestibles
 j - 10 bread rations
 r - 6 meat rations
 t - 12 royal jellies
 G - 2 fruits


   Skills:
 + Level 13.2 Fighting
 - Level 5.9(10.6) Short Blades
 + Level 13.5(13.9) Long Blades
   Level 1.7 Maces & Flails
 * Level 9.6 Armour
 - Level 2.4 Dodging
 - Level 2.1 Stealth
 + Level 8.7 Shields
 - Level 8.1 Invocations
 + Level 1.5 Evocations


You had 11 spell levels left.
You knew the following spells:

 Your Spells              Type           Power        Failure   Level  Hunger
s - Song of Slaying       Chrm           #.......     45%         2    ###....


Dungeon Overview and Level Annotations

Branches:
Dungeon (15/15)            Temple (1/1) D:4            Lair (0/6) D:9
    Orc (0/2) D:11         Vaults (0/5) D:14
 Depths: D:15

Altars:
Ashenzari
Cheibriados
Dithmenos
Elyvilon
Fedhas
Gozag
Hepliaklqana
Kikubaaqudgha
Makhleb
Nemelex Xobeh
Okawaru
Qazlal
Ru
Sif Muna
Trog
Uskayaw
Vehumet
Xom
Yredelemnul
Zin
The Shining One

Shops:
D:7 %   D:9 }   D:11 (   D:12 [


Innate Abilities, Weirdness & Mutations

You are resistant to torment.
Your stone body is resilient. (AC +9)
You are immune to poison.
Your large and strong wings let you fly indefinitely.
You resist negative energy. (rN+)
You are resistant to electric shocks. (rElec)
You can survive without breathing.
You are immune to petrification.
You are immune to rotting.
You have sharp toenails.
You are partially covered in icy blue scales. (AC +2)
You are partially covered in iridescent scales. (AC +2)
Your mind is acute. (Int +2)
You are clumsy. (Dex -2)
Your body sometimes deteriorates upon taking damage.
Your flesh is heat resistant. (rF+)
You are occasionally teleported next to monsters.
Your movements are slightly less encumbered by armour. (ER -2)


Message History

The deep elf archer casts a spell at you.
You feel yourself slow down.
The Shining One will bless your weapon with holy wrath... once.
A two-headed ogre comes into view.
It is wielding a giant spiked club and a giant club.
A divine shield forms around you!
You feel slightly more hungry.
The Shining One is no longer ready to bless your weapon.
The two-headed ogre shouts in stereo!
The deep elf archer hits you with an uncursed short sword.
The yaktaur captain shoots a bolt.
You block the bolt. The deep elf archer closely misses you.
A tengu conjurer comes into view.
The tengu conjurer shouts!
You feel better.
The yaktaur captain shoots a bolt.
The bolt hits you!!!
* * * LOW HITPOINT WARNING * * *
Your body deteriorates!
You feel weakened. You block the deep elf archer's attack.
The deep elf archer gestures at you while chanting.
You are confused.
The yaktaur captain shoots a bolt.
The bolt hits you!!!
You die...

#.#.....#.#
.....#....
........# .
#.......# .#
#..#..#.#
...
#.......#Q!
#.#.#.#c#
#.###<.@...#
#.(.....(e.#
#######....#
#...## #...#
......
........
.........
###...#...


You could see a yaktaur captain and a deep elf archer.

Vanquished Creatures
  Gastronok (D:8)
  The ghost of hadoken the Geomancer, a journeyman GrEE of Vehumet (D:14)
  Harold (D:10)
  5 centaur warriors (D:13)
  2 hydras
  6 two-headed ogres
  2 dancing weapons (D:13)
  2 tengu warriors (D:13)
  A fire crab (shapeshifter) (D:13)
  An unseen horror (D:14)
  An orc knight (D:12)
  A manticore (D:14)
  2 centaur zombies
  2 cyclopes (D:14)
  15 ugly things
  A guardian serpent (D:13)
  Joseph (D:8)
  2 ice statues (IceCv)
  2 gargoyles
  Psyche (D:8)
  A komodo dragon (D:13)
  2 freezing wraiths
  The ghost of Phong the Sneak, a novice OpEn (D:6)
  3 meliai (D:13)
  9 trolls
  Prince Ribbit (D:8)
  5 slime creatures (D:12)
  2 hippogriffs
  A centaur simulacrum (D:14)
  A spriggan (D:11)
  15 yaks
  3 hungry ghosts
  A basilisk (D:13)
  The ghost of Phong the Ruffian, an amateur DrTm (D:3)
  A water moccasin (D:7)
  Edmund (D:3)
  A black bear (D:6)
  13 orc warriors
  11 ice beasts
  A phantom (D:13)
  3 necrophages
  A sky beast (D:11)
  13 ogres
  6 centaurs (D:13)
  2 crocodiles
  A big kobold (D:9)
  7 bullfrogs
  6 gnoll sergeants (D:11)
  A wyvern zombie (D:6)
  A wyvern skeleton (D:7)
  5 scorpions
  29 killer bees
  A howler monkey (D:14)
  8 wights (D:13)
  4 crimson imps
  2 jellies
  11 orc priests
  2 bullfrog skeletons
  5 centaur skeletons
  7 hounds
  9 orc wizards
  Jessica (D:3)
  An iguana (D:9)
  Ijyb (D:4)
  6 worker ants
  3 big kobold zombies (Ossuary)
  4 hound zombies
  2 hound skeletons
  2 mummies (Ossuary)
  6 gnolls
  A howler monkey skeleton (D:9)
  16 adders
  4 shadow imps
  2 oozes
  4 adder zombies (Ossuary)
  2 adder skeletons
  6 worms
  2 dart slugs
  8 leopard geckos
  65 orcs
  5 giant cockroaches
  2 gnoll zombies (Ossuary)
  13 goblins
  8 hobgoblins
  9 jackals
  2 quokkas
  A ball python (D:3)
  6 bats
  6 frilled lizards
  9 hobgoblin zombies (Ossuary)
  A jackal zombie (D:6)
  13 kobolds
  8 kobold zombies (Ossuary)
  5 orc zombies (Ossuary)
  2 quokka skeletons
  6 rats
480 creatures vanquished.

Vanquished Creatures (others)
  An ugly thing (IceCv)
  An ice beast (D:14)
  3 centaurs
  An orc priest (D:11)
  A goblin (D:4)
7 creatures vanquished.

Grand Total: 487 creatures vanquished

Notes
Turn   | Place    | Note
-------+----------+-------------------------------------------
     0 | D:1      | Gremour the Gargoyle Monk began the quest for the Orb.
     0 | D:1      | Reached XP level 1. HP: 14/14 MP: 1/1
   421 | D:1      | Reached XP level 2. HP: 19/19 MP: 2/2
  1279 | D:2      | Reached XP level 3. HP: 24/24 MP: 3/3
  1893 | D:2      | Reached XP level 4. HP: 27/29 MP: 4/4
  2536 | D:3      | Noticed Phong's ghost (amateur DrTm)
  2568 | D:3      | Killed Phong's ghost
  2568 | D:3      | Reached skill level 5 in Long Blades
  2568 | D:3      | Reached XP level 5. HP: 22/34 MP: 5/5
  2849 | D:3      | Reached XP level 6. HP: 40/40 MP: 6/6
  2894 | D:3      | Noticed Jessica
  2901 | D:3      | Killed Jessica
  3513 | D:3      | Reached skill level 5 in Fighting
  3629 | D:4      | Noticed Edmund
  3679 | D:3      | Killed Edmund
  3926 | D:4      | Found a deep blue altar of Sif Muna.
  3987 | D:4      | Reached XP level 7. HP: 44/44 MP: 7/7
  4109 | D:4      | Got a scorched dagger
  4110 | D:4      | Identified the +7 dagger of Paubli {protect, +Fly} (You found it on level 4 of the Dungeon)
  4133 | D:4      | Noticed Ijyb
  4161 | D:4      | Killed Ijyb
  4282 | D:4      | Reached skill level 1 in Maces & Flails
  4296 | D:4      | Found a staircase to the Ecumenical Temple.
  4313 | D:4      | Found a bloodstained altar of Trog.
  4313 | D:4      | Found an ancient bone altar of Kikubaaqudgha.
  4320 | D:4      | Found a sparkling altar of Nemelex Xobeh.
  4322 | D:4      | Found a shattered altar of Ashenzari.
  4323 | D:4      | Found a hide-covered altar of Uskayaw.
  4402 | Temple   | Entered the Ecumenical Temple
  4599 | Temple   | Became a worshipper of the Shining One
  4599 | Temple   | Reached * piety under the Shining One
  4599 | Temple   | Reached ** piety under the Shining One
  4767 | D:5      | Entered Level 5 of the Dungeon
  4903 | D:5      | Found a sand-covered staircase.
  4911 | Ossuary  | Entered an ossuary
  4953 | Ossuary  | Reached skill level 1 in Short Blades
  4982 | Ossuary  | Reached *** piety under the Shining One
  5038 | Ossuary  | Reached **** piety under the Shining One
  5232 | D:5      | Reached XP level 8. HP: 23/52 MP: 8/8
  6057 | D:6      | Noticed Phong's ghost (novice OpEn)
  6086 | D:6      | Killed Phong's ghost
  6088 | D:6      | Reached skill level 5 in Short Blades
  6526 | D:6      | Reached XP level 9. HP: 59/59 MP: 9/9
  6702 | D:6      | Reached skill level 1 in Shields
  6813 | D:6      | Reached skill level 1 in Invocations
  6844 | D:6      | Noticed a two-headed ogre
  6864 | D:6      | Killed a two-headed ogre
  6864 | D:6      | Reached skill level 5 in Invocations
  6913 | D:7      | Noticed a two-headed ogre
  6931 | D:7      | Killed a two-headed ogre
  7112 | D:7      | Found Faank's Food Shoppe.
  7171 | D:7      | Reached XP level 10. HP: 64/64 MP: 14/16
  7296 | D:7      | Reached skill level 1 in Armour
  7528 | D:8      | Noticed Psyche
  7542 | D:8      | Killed Psyche
  7582 | D:8      | Noticed Gastronok
  7778 | D:8      | Killed Gastronok
  7778 | D:8      | Reached skill level 5 in Shields
  8099 | D:8      | Found an opulent altar of Gozag.
  8214 | D:8      | Noticed a two-headed ogre
  8214 | D:8      | Reached ***** piety under the Shining One
  8227 | D:8      | Killed a two-headed ogre
  8227 | D:8      | Reached skill level 1 in Evocations
  8336 | D:8      | Reached XP level 11. HP: 68/68 MP: 17/17
  8422 | D:8      | Noticed Joseph
  8439 | D:8      | Killed Joseph
  8872 | D:8      | Noticed a two-headed ogre
  8886 | D:8      | Killed a two-headed ogre
  8939 | D:8      | Noticed Prince Ribbit
  8949 | D:8      | Killed Prince Ribbit
  9534 | D:9      | Reached skill level 5 in Armour
  9678 | D:9      | Found Ciamiy Yquat's Gadget Boutique.
  9825 | D:9      | Found an iron altar of Okawaru.
  9826 | D:9      | Found a sacrificial altar of Ru.
  9957 | D:9      | Found a stormy altar of Qazlal.
  9984 | D:9      | Found a staircase to the Lair.
 10278 | D:10     | Entered Level 10 of the Dungeon
 10797 | D:10     | Noticed Harold
 10816 | D:10     | Killed Harold
 10934 | D:10     | Noticed a two-headed ogre
 10947 | D:10     | Killed a two-headed ogre
 11282 | D:11     | Found a staircase to the Orcish Mines.
 11284 | D:11     | Noticed a six-headed hydra
 11322 | D:11     | Killed a six-headed hydra
 11322 | D:11     | Reached skill level 10 in Long Blades
 11322 | D:11     | Reached XP level 12. HP: 31/75 MP: 13/18
 11801 | D:11     | Gained mutation: You are resistant to hostile enchantments. (MR+) [mutagenic meat]
 11802 | D:11     | Gained mutation: You are dopey. (Int -2) [mutagenic meat]
 11803 | D:11     | Lost mutation: You are resistant to hostile enchantments. (MR+) [mutagenic meat]
 11805 | D:11     | Lost mutation: You are dopey. (Int -2) [potion of mutation]
 11805 | D:11     | Gained mutation: You are clumsy. (Dex -2) [potion of mutation]
 11805 | D:11     | Gained mutation: Your body sometimes deteriorates upon taking damage. [potion of mutation]
 11805 | D:11     | Gained mutation: Your flesh is heat resistant. (rF+) [potion of mutation]
 11832 | D:11     | Found Kugolari's Antique Weapon Emporium.
 12262 | D:11     | Got a twitching iron ring
 12401 | D:12     | Found a frozen archway.
 12414 | IceCv    | Entered an ice cave
 12470 | IceCv    | Found a transporter.
 12491 | IceCv    | Identified the ring of Gosh {Str+6 Dex+3} (You took it off an orc wizard on level 11 of the Dungeon)
 12528 | IceCv    | Reached skill level 10 in Fighting
 12788 | D:12     | Learned a level 2 spell: Song of Slaying
 12868 | D:12     | Found Kainooph's Armour Emporium.
 12873 | D:12     | Got a scorched dagger
 12883 | D:12     | Bought a +3 ring mail of fire resistance for 390 gold pieces
 12897 | D:12     | Identified the +9 dagger "Jellyslayer" {speed, rC+ MR+ Int+2} (You found it on level 12 of the Dungeon)
 13266 | D:12     | Noticed a two-headed ogre
 13284 | D:12     | Killed a two-headed ogre
 14185 | D:13     | Noticed a centaur warrior
 14192 | D:13     | Killed a centaur warrior
 14192 | D:13     | Reached XP level 13. HP: 78/84 MP: 15/19
 14937 | D:14     | Noticed hadoken's ghost (journeyman GrEE)
 15103 | D:13     | Gained mutation: Your mind is acute. (Int +2) [mutagenic meat]
 15268 | D:13     | Gained mutation: You are partially covered in iridescent scales. (AC +2) [mutagenic meat]
 15269 | D:13     | Gained mutation: You have sharp toenails. [mutagenic meat]
 15337 | D:13     | Gained mutation: You are partially covered in icy blue scales. (AC +2) [mutagenic meat]
 16024 | D:14     | The Shining One protects you from harm!
 16841 | D:13     | Gained mutation: Your large and strong wings let you fly indefinitely. [Gargoyle growth]
 16841 | D:13     | Reached XP level 14. HP: 92/92 MP: 20/20
 16869 | D:14     | Killed hadoken's ghost
 17089 | D:14     | Gained mutation: You are occasionally teleported next to monsters. [mutagenic meat]
 17090 | D:14     | Gained mutation: Your movements are slightly less encumbered by armour. (ER -2) [mutagenic meat]
 17404 | D:14     | Found a gate to the Vaults.
 17566 | D:14     | Got a steaming great sword
 17572 | D:14     | Identified the +8 great sword "Newt's Undoing" {slice, +Inv Int+3 Dex+3} (You found it on level 14 of the Dungeon)
 17661 | D:15     | Entered Level 15 of the Dungeon
 17668 | D:15     | Reached ****** piety under the Shining One
 17670 | D:15     | Shot with a bolt by a yaktaur captain

Skill      XL: |  1  2  3  4  5  6  7  8  9 10 11 12 13 14 |
---------------+-------------------------------------------+-----
Long Blades    | 3 5 6 7 10 11 13 | 13.5
Fighting       | 4 5 6 7 8 11 12 13 | 13.2
Maces & Flails | 1 |  1.7
Short Blades   | 2 5 |  5.9
Shields        | 1 6 8 |  8.7
Invocations    | 8 |  8.1
Armour         | 3 6 7 9 |  9.6
Evocations     | 1 |  1.5
Dodging        | |  2.4
Stealth        | |  2.1

Action                   |  1- 3 |  4- 6 |  7- 9 | 10-12 | 13-15 || total
-------------------------+-------+-------+-------+-------+-------++-------
Melee: Falchion          |   125 |   166 |       |       |     5 ||   296
       Dire flail        |       |     2 |    16 |       |       ||    18
       Dagger            |       |       |   396 |    25 |       ||   421
       Long sword        |       |       |       |   971 |   506 ||  1477
       Great sword       |       |       |       |       |     5 ||     5
Invok: Divine Shield     |       |       |     3 |    14 |     6 ||    23
       Cleansing Flame   |       |       |       |     2 |       ||     2
 Abil: Evoke Flight      |       |     1 |       |       |       ||     1
Evoke: Wand              |       |       |       |     6 |       ||     6
       Lightning rod     |       |       |       |       |     1 ||     1
  Use: Potion            |       |     2 |     1 |    10 |     3 ||    16
       Scroll            |       |     4 |     9 |    12 |     1 ||    26
 Stab: Sleeping          |     4 |       |       |       |       ||     4
       Distracted        |     1 |       |       |       |       ||     1
  Eat: Chunk             |     3 |     7 |    22 |    54 |    20 ||   106
Armor: Robe              |    41 |    12 |       |       |       ||    53
       Ring mail         |       |    37 |       |    35 |   248 ||   320
       Scale mail        |       |    19 |    85 |       |       ||   104
       Leather armour    |       |       |    51 |   271 |       ||   322
Dodge: Dodged            |   109 |   101 |   142 |   303 |   132 ||   787
Block: Other             |    13 |    19 |    25 |       |     2 ||    59
       Reflection        |       |     2 |       |    11 |    33 ||    46
       Buckler           |       |       |    29 |       |       ||    29
       Shield            |       |       |    22 |   763 |   392 ||  1177
       Rpst.: Falchion   |    41 |    38 |       |       |       ||    79
       Long sword        |       |       |       |    86 |    28 ||   114
